 Dungeon Crawl Stone Soup version 0.26.1-11-gd32895ea62 (webtiles) character file.

Game seed: 12480624235307469661

130 seveneves the Shield-Bearer (level 4, -3/41 HPs)
             Began as a Minotaur Fighter on July 22, 2021.
             Slain by Crazy Yiuf
             ... wielding a +4 quarterstaff of chaos
              (4 damage)
             ... on level 2 of the Dungeon.
             The game lasted 00:03:50 (1209 turns).

seveneves the Shield-Bearer (Minotaur Fighter)      Turns: 1209, Time: 00:03:52

Health: -3/41      AC:  7    Str: 21    XL:     4   Next: 89%
Magic:  0/3        EV:  8    Int:  5    God:
Gold:   110        SH:  9    Dex: 10    Spells: 3/3 levels left

rFire    . . .     SeeInvis .   a - +0 long sword
rCold    . . .     Faith    .   c - +0 kite shield
rNeg     . . .     Spirit   +   b - +0 scale mail
rPois    .         Reflect  .   (helmet restricted)
rElec    .         Harm     .   (no cloak)
rCorr    .         Rampage  .   (no gloves)
Will     .....                  (no boots)
Stlth    ..........             f - amulet of guardian spirit
HPRegen  0.13/turn              (no ring)
MPRegen  0.08/turn              (no ring)

@: lethally poisoned (-3 -> -10)
A: retaliatory headbutt, horns 2
a: no special abilities


You were on level 2 of the Dungeon.
You visited 1 branch of the dungeon, and saw 2 of its levels.

You collected 110 gold pieces.

Inventory:

Hand Weapons
 a - a +0 long sword (weapon)
Armour
 b - a +0 scale mail (worn)
 c - a +0 kite shield (worn)
Jewellery
 f - an amulet of guardian spirit (around neck)
Scrolls
 e - a scroll of fear {unknown}
 g - a scroll of enchant armour {unknown}
 h - a scroll of identify
Potions
 d - a potion of might
 k - a potion of flight {unknown}


   Skills:
 + Level 4.4 Fighting
 + Level 4.0 Long Blades
 + Level 4.3 Armour
 + Level 0.8 Dodging
 + Level 4.6 Shields


You had 3 spell levels left.
You didn't know any spells.
Your spell library was empty.

Dungeon Overview and Level Annotations

Branches:
Dungeon (2/15)

Altars:

Annotations:
D:2 Crazy Yiuf


Innate Abilities, Weirdness & Mutations

You reflexively headbutt those who attack you in melee.
You have a pair of horns on your head.


Message History

Crazy Yiuf is heavily wounded.
You feel sick.
Crazy Yiuf hits you with a +4 quarterstaff of chaos!
Crazy Yiuf freezes you.
You hit Crazy Yiuf but do no damage. You headbutt Crazy Yiuf.
Crazy Yiuf is heavily wounded.
You feel sick.
Crazy Yiuf hits you with a +4 quarterstaff of chaos!
* * * LOW HITPOINT WARNING * * *
You hit Crazy Yiuf but do no damage.
You headbutt Crazy Yiuf, but do no damage.
Crazy Yiuf is heavily wounded.
You feel sick. Crazy Yiuf hits you but does no damage.
You hit Crazy Yiuf but do no damage.
Crazy Yiuf is heavily wounded.
You feel sick.
Crazy Yiuf hits you with a +4 quarterstaff of chaos!
* * * LOW HITPOINT WARNING * * *
Crazy Yiuf freezes you.
You die...

#..............#,*
#######..##.####,*
#..##..# *,* #####
##.###(##*,* #)..#
#.# #..#*,* #...#
#.# ##.##.# *...*
#.# #).#.# *#g#*
#.#####.#.# #@##
#.#..†..... ##.#
*#.#.###.#.. #.##
*..#.###...# ##.#
*..#.......# ###
##.## *#.####.#..#
#.# ##...# #.#
#.#..# #.# #....#
#.# #.#.># #.#
#....# #)# #.....
#.####....####)#
#.....


You could see Crazy Yiuf.

Vanquished Creatures
  An orc wizard (D:2)
  Natasha (twice) (D:2)
  A worm (D:2)
  A dart slug (D:1)
  A leopard gecko (D:1)
  2 orcs (D:2)
  2 giant cockroaches (D:1)
  5 goblins
  3 hobgoblins
  10 jackals
  7 bats
  2 frilled lizards
  3 kobolds
  7 rats
47 creatures vanquished.

Vanquished Creatures (others)
  4 plants (D:1)
4 creatures vanquished.

Grand Total: 51 creatures vanquished

Notes
Turn   | Place    | Note
-------+----------+-------------------------------------------
     0 | D:1      | seveneves the Minotaur Fighter began the quest for the Orb.
     0 | D:1      | Reached XP level 1. HP: 19/19 MP: 0/0
   121 | D:1      | Reached XP level 2. HP: 17/27 MP: 1/1
   853 | D:1      | Reached XP level 3. HP: 32/33 MP: 2/2
  1036 | D:2      | Noticed Natasha
  1042 | D:2      | Killed Natasha
  1047 | D:2      | Noticed Natasha
  1051 | D:2      | Killed Natasha
  1052 | D:2      | Reached XP level 4. HP: 35/40 MP: 3/3
  1197 | D:2      | Found a runed translucent door.
  1198 | D:2      | Noticed Crazy Yiuf
  1209 | D:2      | HP: 1/41 [Crazy Yiuf/+4 quarterstaff of chaos (8)]
  1209 | D:2      | Slain by Crazy Yiuf

Illustrated notes

Levels and vault maps discovered:
D:1:      dpeg_arrival_boxes_within_box, layout_basic, chequers_big_river
D:2:      layout_basic, uniq_natasha, uniq_crazy_yiuf_cottage

Skill      XL: |  1  2  3  4 |
---------------+-------------+-----
Fighting       | 4 |  4.4
Shields        | 4 |  4.6
Long Blades    | 3 4 |  4.0
Armour         | 4 |  4.3
Dodging        | |  0.8

Action                   |  1- 3 |  4- 6 || total
-------------------------+-------+-------++-------
Melee: Long sword        |    79 |    39 ||   118
       Headbutt          |    12 |     7 ||    19
  Use: Scroll            |     4 |       ||     4
       Potion            |     1 |       ||     1
Armor: Scale mail        |    45 |    15 ||    60
Dodge: Dodged            |    33 |     9 ||    42
Block: Kite shield       |    56 |    14 ||    70
       Rpst.: Long sword |    10 |     2 ||    12
